 Dungeon Crawl Stone Soup version 0.27.0-1-g7a089689b8 (webtiles) character file.

Game seed: 16646249444178768113

120 Spaninq the Shield-Bearer (level 5, -2/33 HPs)
             Began as a Gargoyle Fighter on July 31, 2021.
             Slain by an orc (6 damage)
             ... on level 3 of the Dungeon.
             The game lasted 00:03:28 (1798 turns).

Spaninq the Shield-Bearer (Gargoyle Fighter)        Turns: 1798, Time: 00:03:29

Health: -2/33      AC: 11    Str: 20    XL:     5   Next: 4%
Magic:  5/5        EV:  7    Int:  9    God:
Gold:   112        SH:  9    Dex:  9    Spells: 4/4 levels left

rFire    + . .     SeeInvis .   a - +0 flail
rCold    + . .     Faith    .   c - +0 kite shield
rNeg     + . .     Spirit   .   b - +0 scale mail
rPois    ∞         Reflect  .   (no helmet)
rElec    +         Harm     .   l - scarf {rC+ rF+}
rCorr    .         Rampage  .   (no gloves)
Will     .....                  (no boots)
Stlth    ..........             (no amulet)
HPRegen  0.11/turn              (no ring)
MPRegen  0.09/turn              (no ring)

@: no status effects
A: sickness immunity, AC +4, negative energy resistance 1, electricity
resistance, torment resistance 1, petrification resistance
a: no special abilities


You were on level 3 of the Dungeon.
You visited 1 branch of the dungeon, and saw 3 of its levels.

You collected 112 gold pieces.

Inventory:

Hand Weapons
 a - a +0 flail (weapon)
 h - a +0 whip
Armour
 b - a +0 scale mail (worn)
 c - a +0 kite shield (worn)
 l - a scarf of resistance (worn)
Scrolls
 e - a scroll of teleportation {unknown}
 g - a scroll of amnesia {unknown}
 n - a scroll of immolation {unknown}
Potions
 d - a potion of might
 f - a potion of haste {unknown}
 i - a potion of curing
 j - 2 potions of heal wounds {unknown}
 k - a potion of cancellation {unknown}
 m - 2 potions of attraction {unknown}
 o - a potion of lignification {unknown}


   Skills:
 + Level 4.0 Fighting
 * Level 3.5 Maces & Flails
 + Level 4.0 Armour
 + Level 4.0 Shields


You had 4 spell levels left.
You didn't know any spells.
Your spell library contained the following spells:

 Spells                   Type           Power      Damage    Failure   Level
 Animate Skeleton         Necr           0%         N/A       99%         1
 Apportation              Tloc           0%         N/A       99%         1
 Corona                   Hex            0%         N/A       99%         1
 Summon Small Mammal      Summ           0%         N/A       99%         1


Dungeon Overview and Level Annotations

Branches:
Dungeon (3/15)

Altars:


Innate Abilities, Weirdness & Mutations

You are immune to sickness and miasma.
Your stone body is resilient. (AC +4)
You are immune to poison.
You resist negative energy. (rN+)
You are resistant to electric shocks. (rElec)
You are resistant to unholy torment.
You are immune to petrification.


Message History

You completely miss the orc.
You hear the slow rusting of a very distant drain.
The orc wizard hits you but does no damage.
The orc hits you but does no damage. The orc hits you with a +0 whip.
You block the orc wizard's attack.
You closely miss the orc. You block the orc's attack.
The orc hits you with a +0 whip.
The orc wizard hits you but does no damage.
You block the orc's attack.
You barely miss the orc. You block the orc's attack.
The orc wizard hits you with a +0 dagger.
* * * LOW HITPOINT WARNING * * *
You block the orc's attack. The orc closely misses you.
The orc wizard casts a spell at you. You resist with some effort.
You closely miss the orc. You block the orc's attack.
The orc hits you with a +0 whip.
* * * LOW HITPOINT WARNING * * *
The orc wizard hits you but does no damage.
You hit the orc wizard.
The orc wizard is almost dead.
The orc hits you but does no damage. You block the orc's attack.
The orc wizard hits you but does no damage.
The orc hits you with a +0 mace.
* * * LOW HITPOINT WARNING * * *
The orc hits you but does no damage. The orc wizard closely misses you.
It was a potion of curing.
You feel better. The orc hits you but does no damage.
You block the orc's attack.
The orc wizard gestures at you while chanting.
The magic dart hits you.
* * * LOW HITPOINT WARNING * * *
You completely miss the orc wizard.
The orc wizard is almost dead.
The orc hits you with a +0 mace.
* * * LOW HITPOINT WARNING * * *
The orc closely misses you. You block the orc wizard's attack.
You miss the orc wizard.
The orc wizard is almost dead.
The orc hits you with a +0 mace.
You die...

.... .. .....#.
....§ .
≈≈≈≈≈..## #
....≈.#.##.#
#.≈.....o# #.
#<# #.§ #o#
#.≈.#@##.#..#
#.≈.o.o......
.!..≈.#.##.#..#
≈≈≈§≈§... #
...§...##.
....... ..
.#####. ## #.
..


You could see an orc wizard and 2 orcs.

Vanquished Creatures
  A water moccasin skeleton (D:2)
  An adder (D:2)
  A worm (D:2)
  2 dart slugs (D:1)
  2 orcs (D:3)
  3 ball pythons
  3 bats (D:2)
  2 endoplasms
  A giant cockroach (D:1)
  3 goblins
  4 hobgoblins
  11 jackals
  6 kobolds
  A quokka (D:2)
  2 frilled lizards
  8 rats
51 creatures vanquished.

Notes
Turn   | Place    | Note
-------+----------+-------------------------------------------
     0 | D:1      | Spaninq the Gargoyle Fighter began the quest for the Orb.
     0 | D:1      | Reached XP level 1. HP: 14/14 MP: 1/1
   166 | D:1      | Reached XP level 2. HP: 19/19 MP: 2/2
   456 | D:1      | Found a faded altar of an unknown god.
   470 | D:1      | Reached XP level 3. HP: 22/23 MP: 3/3
  1387 | D:2      | Reached XP level 4. HP: 24/29 MP: 4/4
  1667 | D:2      | Reached XP level 5. HP: 33/33 MP: 5/5
  1798 | D:3      | Slain by an orc

Illustrated notes

Levels and vault maps discovered:
D:1:      dpeg_arrival_houses_and_road, layout_loops_ring,
          basic_ecumenical_altar
D:2:      layout_basic, minmay_fractal_squares_5
D:3:      layout_basic, old_standard_altar, mainiacjoe_overflow_brackets,
          gammafunk_temple_overflow_forgotten, cheibrodos_sewer_entry_bend,
          chequers_serial_rivers_micro_e

Skill      XL: |  1  2  3  4  5 |
---------------+----------------+-----
Maces & Flails | 3 |  3.5
Armour         | 4 |  4.0
Shields        | 4 |  4.0
Fighting       | 4 |  4.0

Action                   |  1- 3 |  4- 6 || total
-------------------------+-------+-------++-------
Melee: Flail             |   174 |    61 ||   235
  Use: Potion            |       |     1 ||     1
Armor: Scale mail        |   110 |    42 ||   152
Dodge: Dodged            |    81 |     9 ||    90
Block: Kite shield       |   110 |    34 ||   144
